 Dungeon Crawl Stone Soup version 0.16.1-2-g95b8d4c (webtiles) character file.

107 wojtek the Cutter (level 5, -7/30 HPs)
             Began as a Kobold Assassin on Mar 24, 2015.
             Splashed by a jelly's acid (11 damage)
             ... on level 3 of the Dungeon.
             The game lasted 00:02:51 (2470 turns).

wojtek the Cutter (Kobold Assassin)                 Turns: 2470, Time: 00:02:51

Health: -7/30      AC: -22   Str:  9    XL:     5   Next: 11%
Magic:  5/5        EV: 14    Int: 10    God:
Gold:   144        SH:  0    Dex: 18    Spells: 0 memorised, 4 levels left

rFire  . . .     SeeInvis .     a - +2 dagger
rCold  . . .     Clarity  .     c - +0 robe
rNeg   . . .     SustAb   .     (no shield)
rPois  .         Gourm    .     (no helmet)
rElec  .         Spirit   .     d - +0 cloak
rCorr  .         Warding  .     (no gloves)
rMut   .         Stasis   .     (no boots)
MR     .....                    (no amulet)
Stlth  +++.......               (no ring)
                                (no ring)

@: corroded equipment, not resistant to hostile enchantments, fairly stealthy
A: carnivore 3
a: no special abilities


You were on level 3 of the Dungeon.
You were completely stuffed.

You visited 1 branch of the dungeon, and saw 3 of its levels.

You collected 144 gold pieces.

Inventory:

Hand weapons
 a - a +2 dagger (weapon)
 b - a +0 blowgun
Missiles
 e - 8 poisoned needles
 f - 2 curare-tipped needles
Armour
 c - a +0 robe (worn)
 d - a +0 cloak (worn)
Jewellery
 i - an uncursed amulet of clarity {unknown}
 k - an uncursed ring of invisibility {unknown}
 s - an uncursed ring of stealth {unknown}
 t - a +2 ring of intelligence {unknown}
Scrolls
 j - 3 scrolls of identify {unknown}
 l - 2 scrolls of amnesia {unknown}
 n - a scroll of remove curse {unknown}
 r - a scroll of teleportation {unknown}
 v - a scroll of random uselessness {unknown}
Potions
 h - a potion of degeneration {unknown}
 m - 2 potions of restore abilities {unknown}
 o - 2 potions of might {unknown}
 p - 2 potions of agility {unknown}
 q - a potion of invisibility {unknown}
 u - a potion of flight {unknown}
 x - a potion of mutation {unknown}
 z - a potion of curing {unknown}
Comestibles
 g - 5 meat rations
 w - 6 chunks of flesh


   Skills:
 - Level 2.1 Fighting
 + Level 6.4 Short Blades
 - Level 2.6 Throwing
 - Level 1.2 Dodging
 - Level 5.3 Stealth


You had 4 spell levels left.
You didn't know any spells.

Dungeon Overview and Level Annotations

Branches:
Dungeon (3/15)

Altars:
Kikubaaqudgha
Sif Muna


Innate Abilities, Weirdness & Mutations

You are small and have problems with some larger weapons.
You are carnivorous and can eat meat at any time.


Message History

You hit the jelly but do no damage.
The jelly is almost dead.
You hit the jelly but do no damage. The acid corrodes your equipment!
The jelly is almost dead.
The jelly hits you.
You are splashed with acid!
The acid corrodes your equipment!
The acid burns!
You hit the jelly but do no damage.
The jelly is severely wounded.
The jelly hits you.
* * * LOW HITPOINT WARNING * * *
You are splashed with acid!
The acid burns!
* * * LOW HITPOINT WARNING * * *
You hit the jelly but do no damage. The acid corrodes your equipment!
The jelly is severely wounded.
You hit the jelly but do no damage. The acid corrodes your equipment!
The jelly is severely wounded.
The jelly hits you.
* * * LOW HITPOINT WARNING * * *
You are splashed with acid!
The acid burns!
You die...

...###.#># #.#
#<............. ...#
#.#.###.##
##.############
...###...............# #
........#............. #
.)#.###...##.###.###### #
..##.###..##.# # .# #
...##.# #.##.# #.## #
.#.#.## #.##.####...###.#
#
.)..#####.......@J..g...#
.............####...#####
##.######.#### #.##
##.#### #.# .# ......#
#.# # ##.##.# #.# ##
##.##.###.##.....
.............#
#####....#.###


You could see a jelly and a goblin.

Vanquished Creatures
  A worker ant (D:3)
  3 adders (D:2)
  A giant mite (D:3)
  A ball python (D:1)
  5 bats
  3 giant cockroaches
  11 hobgoblins
  4 jackals (D:3)
  7 kobolds
  A quokka (D:2)
  3 giant newts
  4 goblins
  6 rats
50 creatures vanquished.

Notes
Turn   | Place    | Note
--------------------------------------------------------------
     0 | D:1      | wojtek, the Kobold Assassin, began the quest for the Orb.
     0 | D:1      | Reached XP level 1. HP: 12/12 MP: 1/1
     6 | D:1      | Noticed a salamander
     6 | D:1      | Noticed a wyvern
     6 | D:1      | Noticed a wolf
     6 | D:1      | Noticed a black bear
   326 | D:1      | Reached XP level 2. HP: 15/17 MP: 2/2
   996 | D:2      | Reached XP level 3. HP: 21/21 MP: 3/3
  1058 | D:2      | Found a deep blue altar of Sif Muna.
  1132 | D:2      | Reached skill level 5 in Short Blades
  1232 | D:2      | Found an ancient bone altar of Kikubaaqudgha.
  1546 | D:2      | Reached XP level 4. HP: 26/26 MP: 4/4
  2118 | D:3      | Reached skill level 6 in Short Blades
  2351 | D:3      | Reached XP level 5. HP: 30/30 MP: 5/5
  2470 | D:3      | Splashed by a jelly's acid

Action                   |  1- 3 |  4- 6 || total
-------------------------+-------+-------++-------
Melee: Dagger            |   100 |    83 ||   183
 Stab: Sleeping          |     8 |     5 ||    13
       Distracted        |     1 |     1 ||     2
  Eat: Chunk             |    10 |     3 ||    13
